 Dungeon Crawl Stone Soup version 0.22-a0-603-gfc1114d (webtiles) character file.

118 Hebeh the Covered (level 4, -1/41 HPs)
             Began as a Minotaur Fighter on July 8, 2018.
             Slain by Grinder (2 damage)
             ... on level 3 of the Dungeon.
             The game lasted 00:06:06 (2149 turns).

Hebeh the Covered (Minotaur Fighter)                Turns: 2149, Time: 00:06:07

Health: -1/41      AC:  8    Str: 21    XL:     4   Next: 72%
Magic:  3/3        EV:  7    Int:  5    God:
Gold:   156        SH: 11    Dex: 10    Spells: 3/3 levels left

rFire    . . .     SeeInvis .   a - +0 war axe
rCold    + . .     Gourm    .   c - +0 shield
rNeg     . . .     Faith    .   b - +0 scale mail
rPois    .         Spirit   .   (helmet restricted)
rElec    .         Reflect  +   (no cloak)
rCorr    .         Harm     .   (no gloves)
MR       .....                  s - +0 pair of boots
Stlth    +.........             p - +2 amulet of reflection
HPRegen  0.13/turn              n - ring of stealth
MPRegen  0.08/turn              r - ring of protection from cold

@: no status effects
A: retaliatory headbutt, horns 2
a: no special abilities


You were on level 3 of the Dungeon.
You were not hungry.

You visited 1 branch of the dungeon, and saw 3 of its levels.

You collected 156 gold pieces.

Inventory:

Hand Weapons
 a - a +0 war axe (weapon)
 o - a +1 falchion of electrocution
Armour
 b - a +0 scale mail (worn)
 c - a +0 shield (worn)
 s - a +0 pair of boots (worn)
Jewellery
 n - a ring of stealth (left hand)
 p - a +2 amulet of reflection (around neck)
 r - a ring of protection from cold (right hand)
Scrolls
 e - 3 scrolls of fog {unknown}
 h - a scroll of immolation {unknown}
 i - 2 scrolls of teleportation {unknown}
 j - a scroll of enchant armour {unknown}
 m - 2 scrolls of identify {unknown}
Potions
 d - a potion of might
 k - a potion of agility {unknown}
 l - 2 potions of heal wounds {unknown}
 q - 2 potions of haste {unknown}
Comestibles
 f - 4 rations
 g - 3 chunks of flesh


   Skills:
 + Level 4.4 Fighting
 * Level 4.2 Axes
 + Level 4.4 Armour
 + Level 4.3 Shields


You had 3 spell levels left.
You didn't know any spells.
Your spell library contained the following spells:

 Spells                   Type           Power        Failure   Level  Hunger
 Magic Dart               Conj           #...         99%         1    ##.....
 Conjure Flame            Conj/Fire      #.......     100%        3    ####...
 Slow                     Hex            #.......     100%        2    ###....
 Mephitic Cloud           Conj/Pois/Air  #.......     100%        3    ####...
 Blink                    Tloc           N/A          100%        2    ###....
 Call Imp                 Summ           #.......     100%        2    ###....


Dungeon Overview and Level Annotations

Branches:
Dungeon (3/15)

Altars:
Ashenzari
Hepliaklqana
Zin

Annotations:
D:3 Grinder


Innate Abilities, Weirdness & Mutations

You reflexively headbutt those who attack you in melee.
You have a pair of horns on your head.


Message History

You barely miss Grinder. You headbutt Grinder!
Grinder is severely wounded.
You block Grinder's attack.
You hit Grinder but do no damage. Your headbutt misses Grinder.
Grinder is severely wounded.
Grinder hits you.
You writhe in agony.
* * * LOW HITPOINT WARNING * * *
Grinder hits you but does no damage.
Your shield and scale mail prevent you from hitting Grinder.
Grinder is severely wounded.
Grinder hits you.
* * * LOW HITPOINT WARNING * * *
You writhe in agony.
* * * LOW HITPOINT WARNING * * *
You hit Grinder. Your headbutt misses Grinder.
Grinder is severely wounded.
Grinder hits you.
* * * LOW HITPOINT WARNING * * *
You writhe in agony.
You die...

#.# #.# #.# #.# #.# #.# #.#
##.########################
#..............5@..........
###########################


You could see Grinder.

Vanquished Creatures
  A howler monkey skeleton (D:2)
  2 adders
  3 oozes
  2 worms
  3 dart slugs
  4 orcs (D:3)
  3 giant cockroaches
  9 goblins
  4 hobgoblins
  7 jackals (D:3)
  7 bats
  6 frilled lizards
  3 kobolds (D:1)
  8 rats
62 creatures vanquished.

Notes
Turn   | Place    | Note
-------+----------+-------------------------------------------
     0 | D:1      | Hebeh the Minotaur Fighter began the quest for the Orb.
     0 | D:1      | Reached XP level 1. HP: 19/19 MP: 0/0
    88 | D:1      | You fall through a shaft!
    91 | D:2      | Reached XP level 2. HP: 27/27 MP: 1/1
   498 | D:1      | Reached XP level 3. HP: 33/33 MP: 2/2
   970 | D:2      | Found a hazy altar of Hepliaklqana.
   970 | D:2      | Found a faded altar of an unknown god.
   977 | D:2      | Found a glowing silver altar of Zin.
   979 | D:2      | Found a faded altar of an unknown god.
   980 | D:2      | Found a shattered altar of Ashenzari.
  1361 | D:2      | Reached XP level 4. HP: 40/40 MP: 3/3
  2110 | D:3      | Noticed Grinder
  2115 | D:3      | Paralysed by Grinder for 3 turns
  2121 | D:3      | Paralysed by Grinder for 5 turns
  2141 | D:3      | Paralysed by Grinder for 5 turns
  2148 | D:3      | HP: 1/41 [Grinder (3)]
  2149 | D:3      | Slain by Grinder

Vault maps used:
D:1:      lightli_arrival_maybe_door_vault
D:2:      chequers_temple_overflow_minitemple, serial_glass, glass_columns_a,
          glass_columns_b
D:3:      uniq_grinder

Skill      XL: |  1  2  3  4 |
---------------+-------------+-----
Axes           | 3 4 |  4.2
Fighting       | 4 |  4.4
Armour         | 4 |  4.4
Shields        | 4 |  4.3

Action                   |  1- 3 |  4- 6 || total
-------------------------+-------+-------++-------
Melee: War axe           |    85 |    64 ||   149
       Headbutt          |    12 |     7 ||    19
  Eat: Chunk             |     2 |     2 ||     4
Armor: Scale mail        |    51 |    31 ||    82
Dodge: Dodged            |    30 |    11 ||    41
Block: Shield            |    60 |    29 ||    89

Table legend:
 A = Spawn XP
 B = Non-spawn XP
 C = Spawn XP percentage of total XP
 D = Spawn monster count
 E = Non-spawn monster count
 F = Spawn count percentage of total count
 G = Total turns spent on level
                    A         B        C        D         E        F      G
               +---------+---------+-------+---------+---------+-------+---------
         Total |       0 |     169 |   0.0 |       0 |      62 |   0.0 |  2149
               +---------+---------+-------+---------+---------+-------+---------
           D:1 |       0 |      39 |   0.0 |       0 |      21 |   0.0 |   800
           D:2 |       0 |      72 |   0.0 |       0 |      24 |   0.0 |   630
           D:3 |       0 |      58 |   0.0 |       0 |      17 |   0.0 |   719
               +---------+---------+-------+---------+---------+-------+---------
